Map: Oceanborn LE

Players

LiquidClem (Clem) - Winner!

  • Race: Terran Terran
  • League: Grandmaster
  • Spawn Location: 5:00

MaxPax

  • Race: Protoss Protoss
  • League: Master
  • Spawn Location: 11:00

VOD

Have the link to the VOD?

Description

Time

  • Played on: Oct. 7, 2023, 1:52 p.m.
  • Length: 18:52
Show
View Real Time Build Order
Export as new Build Order

LiquidClem Terran - Winner!

Build Orders: 1/1/1 

Get SALT Encoding   

  12  0:01  SCV  
  13  0:13  SCV  
  14  0:16  Supply Depot  
  14  0:25  SCV  
  15  0:30  Refinery  
  15  0:38  SCV  
  16  0:45  Barracks  
  16  0:50  SCV  
  17  1:02  SCV  
  18  1:04  Engineering Bay  
  18  1:14  SCV  
  19  1:33  Orbital Command, Factory, Marine  
  20  1:41  Supply Depot  
  20  1:53  Barracks Reactor  
  20  1:58  SCV  
  21  2:10  SCV  
  22  2:23  SCV  
  22  2:26  Starport  
  22  2:28  Supply Depot  
  23  2:33  Hellion x2  
  27  2:37  Marine  
  28  2:44  Command Center  
  28  2:47  SCV  
  29  2:56  Hellion  
  29  2:57  Hellion  
  33  3:02  Medivac  
  33  3:04  SCV  
  36  3:09  Refinery  
  36  3:14  Supply Depot  
  36  3:17  SCV  
  37  3:26  Factory Tech Lab  
  37  3:27  Marine x2  
  39  3:35  SCV  
  40  3:41  Barracks  
  40  3:48  Marine, SCV  
  44  3:52  Marine  
  46  3:56  Cyclone  
  46  4:00  SCV  
  44  4:06  Marine  
  43  4:10  Marine  
  43  4:12  SCV  
  45  4:17  Barracks  
  46  4:24  SCV  
  46  4:25  Marine  
  46  4:27  Marine  
  46  4:29  Orbital Command  
  46  4:36  SCV  
  47  4:39  Stimpack, Marauder  
  49  4:46  Factory Tech Lab  
  49  4:47  Marine  
  49  4:48  SCV  
  51  4:55  SCV  
  51  4:57  Supply Depot  
  52  5:00  SCV  
  52  5:01  Marine  
  52  5:04  Marine x2  
  52  5:05  Starport Reactor  
  56  5:07  SCV  
  56  5:12  Factory Reactor, SCV  
  58  5:14  Combat Shield  
  58  5:16  Marauder  
  58  5:19  SCV  
  59  5:24  Marine, SCV  
  59  5:25  Marine  
  59  5:26  Supply Depot  
  59  5:28  Marine  
  62  5:31  SCV  
  62  5:32  Engineering Bay  
  64  5:36  SCV  
  64  5:37  Supply Depot  
  64  5:41  Medivac x2  
  69  5:48  Marine, SCV, Marauder  
  69  5:49  Marine  
  74  5:50  Refinery  
  74  5:51  Marauder  
  74  5:54  Widow Mine  
  78  5:59  Widow Mine  
  78  6:00  Supply Depot  
  78  6:03  Refinery  
  80  6:04  SCV x2  
  80  6:09  Supply Depot  
  80  6:10  Terran Infantry Weapons Level 1  
  82  6:16  Marauder  
  86  6:18  Marauder  
  86  6:22  SCV x2  
  86  6:23  Concussive Shells  
  86  6:25  Supply Depot  
  88  6:26  Marine  
  88  6:27  Marine  
  88  6:31  Medivac  
  92  6:37  Marine, Medivac  
  95  6:44  Widow Mine x2  
  95  6:47  Supply Depot  
  99  6:48  Marauder  
  99  6:50  Marine x2  
  103  6:57  Marauder  
  105  7:02  Command Center  
  105  7:07  Supply Depot  
  105  7:08  SCV x2  
  109  7:16  Armory, Widow Mine x2  
  109  7:19  Marauder  
  109  7:21  Marauder  
  115  7:30  Barracks  
  115  7:31  Barracks  
  115  7:32  SCV x2  
  117  7:39  Supply Depot  
  117  7:41  Marauder  
  119  7:44  SCV x2  
  119  7:45  Viking  
  123  7:53  Marauder  
  123  7:56  SCV x2  
  121  8:00  Viking  
  121  8:02  Marauder  
  123  8:08  SCV x2  
  123  8:11  Widow Mine x2  
  127  8:14  Marine x2  
  127  8:15  Viking, Supply Depot  
  128  8:20  SCV  
  128  8:22  Barracks Tech Lab x2  
  128  8:23  SCV  
  128  8:26  Orbital Command  
  127  8:29  Terran Infantry Armor Level 1  
  127  8:31  Ghost Academy  
  127  8:33  SCV  
  128  8:37  Viking  
  128  8:38  SCV  
  131  8:42  Bunker  
  131  8:45  Viking  
  131  8:47  SCV  
  134  8:53  SCV  
  133  8:59  SCV x2  
  133  9:01  Ghost x3  
  138  9:03  Supply Depot  
  138  9:05  Engineering Bay  
  138  9:06  Marine x2  
  141  9:10  SCV  
  141  9:12  Refinery x2  
  141  9:15  Ghost  
  141  9:16  Viking  
  142  9:18  Viking  
  144  9:29  Ghost  
  144  9:30  Command Center  
  146  9:36  Widow Mine x2  
  146  9:37  Ghost  
  150  9:43  Supply Depot  
  150  9:45  Ghost  
  150  9:50  Marauder  
  150  9:51  SCV x3  
  157  9:58  Barracks  
  157  9:59  Barracks  
  157  10:00  Barracks  
  157  10:03  SCV  
  157  10:06  Terran Infantry Weapons Level 2  
  155  10:07  Missile Turret  
  155  10:13  Marauder x2  
  153  10:16  Marauder  
  153  10:19  Marauder  
  150  10:22  Viking  
  149  10:28  Bunker  
  149  10:31  Terran Infantry Armor Level 2  
  149  10:33  Viking  
  149  10:34  Marauder x2  
  154  10:39  Marauder  
  154  10:41  Marauder  
  158  10:46  SCV x3  
  158  10:49  Starport  
  161  10:50  Barracks Reactor, Barracks Tech Lab x2  
  161  10:56  Marauder  
  163  10:58  SCV, Marauder  
  163  11:00  Marauder  
  168  11:10  Marauder x2  
  166  11:11  Ghost  
  166  11:16  Ghost  
  165  11:19  Command Center  
  165  11:23  Ghost  
  167  11:26  Ghost  
  167  11:32  Viking  
  171  11:34  Marine x2  
  171  11:35  Supply Depot  
  171  11:37  Supply Depot  
  173  11:47  Supply Depot  
  173  11:57  Marauder x3, Medivac  
  173  11:58  Marauder x2, Medivac  
  173  12:00  Terran Ship Weapons Level 1  
  187  12:04  Supply Depot  
  187  12:06  Marauder  
  189  12:17  Marine  
  189  12:19  Marauder x3  
  196  12:26  Marauder x2  
  198  12:31  Terran Infantry Weapons Level 3  
  195  12:38  Missile Turret, SCV x2  
  195  12:40  Sensor Tower, Marine, Marauder  
  200  12:47  Missile Turret  
  200  12:50  Sensor Tower  
  200  12:55  Planetary Fortress  
  199  13:02  Terran Infantry Armor Level 3  
  199  13:03  Marauder  
  198  13:05  Marauder  
  198  13:08  Missile Turret  
  198  13:09  Missile Turret  
  198  13:10  Missile Turret, SCV  
  198  13:12  Viking, SCV  
  199  13:14  SCV  
  200  13:20  Refinery  
  200  13:22  Refinery  
  200  13:38  Command Center  
  200  13:46  Fusion Core  
  200  13:52  Ghost  
  200  14:04  Starport  
  200  14:11  Command Center  
  200  14:14  Terran Ship Weapons Level 2  
  200  14:45  Liberator  
  200  14:46  Starport Reactor  
  200  14:47  Advanced Ballistics  
  200  14:52  Command Center  
  200  14:54  Command Center  
  200  14:56  Command Center  
  200  15:17  Planetary Fortress  
  200  15:20  Neosteel Armor  
  200  15:27  Command Center  
  200  15:28  Orbital Command, Command Center  
  200  15:34  Personal Cloaking  
  191  15:43  Ghost x2  
  191  15:45  Liberator x2  
  191  15:47  Marauder  
  191  15:49  Marine  
  185  15:52  Liberator  
  188  15:58  Missile Turret  
  188  15:59  Caduceus Reactor, Liberator  
  188  16:02  Liberator  
  194  16:05  Medivac  
  196  16:12  Orbital Command  
  196  16:26  Missile Turret, Marauder  
  196  16:28  Medivac  
  200  16:36  Sensor Tower  
  200  16:37  Liberator  
  200  16:38  Missile Turret  
  200  16:42  Orbital Command  
  200  16:43  Liberator  
  200  16:46  Orbital Command  
  197  16:47  Marauder  
  198  16:55  Liberator  
  198  16:57  Marauder  
  198  16:59  Marine  
  176  17:01  Marauder  
  176  17:02  Liberator  
  177  17:11  Medivac  
  177  17:12  Liberator  
  177  17:13  Marauder  
  180  17:20  Liberator  
  180  17:22  Marauder  
  180  17:26  Medivac  
  182  17:38  Liberator  
  182  17:41  Ghost, Medivac  
  189  17:58  Liberator x2  
  192  18:02  Ghost x2  
  197  18:13  Ghost  
  197  18:19  Ghost  
  184  18:30  Marine  
  184  18:31  Marine x2  
  184  18:33  Marine  
  176  18:40  Refinery  
  172  18:41  Refinery  
Show
View Real Time Build Order
Export as new Build Order

MaxPax Protoss 

Build Orders: 1 Gate Expand, Phoenix Opening, Colossus Rush 

Get SALT Encoding   

  12  0:00  Probe  
  13  0:12  Probe  
  14  0:17  Pylon  
  14  0:24  Probe (Chrono Boost)  
  16  0:36  Gateway, Probe (Chrono Boost)  
  16  0:43  Probe (Chrono Boost)  
  16  0:45  Assimilator  
  17  0:51  Probe  
  18  1:03  Probe  
  19  1:15  Probe  
  20  1:24  Cybernetics Core  
  21  1:35  Nexus  
  20  1:41  Pylon  
  20  1:45  Probe  
  21  1:50  Assimilator  
  21  1:57  Adept (Chrono Boost), Probe  
  24  2:09  Probe  
  25  2:21  Probe  
  28  2:25  Stargate  
  26  2:33  Probe  
  26  2:35  Stalker  
  29  2:40  Shield Battery  
  29  2:43  Warp Gate  
  29  2:47  Probe (Chrono Boost)  
  31  2:53  Probe (Chrono Boost)  
  31  2:56  Probe (Chrono Boost)  
  32  3:00  Probe (Chrono Boost)  
  32  3:01  Probe (Chrono Boost)  
  34  3:08  Phoenix (Chrono Boost)  
  34  3:11  Probe  
  37  3:13  Probe  
  38  3:20  Pylon  
  38  3:23  Probe  
  38  3:24  Assimilator  
  38  3:25  Probe, Phoenix (Chrono Boost)  
  42  3:29  Shield Battery  
  42  3:35  Probe  
  42  3:38  Probe  
  44  3:42  Phoenix (Chrono Boost)  
  44  3:45  Pylon  
  44  3:47  Probe  
  47  3:50  Probe  
  46  3:59  Probe  
  46  4:02  Probe  
  43  4:05  Phoenix  
  45  4:12  Probe  
  45  4:14  Probe  
  45  4:20  Robotics Facility  
  46  4:24  Probe  
  46  4:28  Probe  
  47  4:36  Phoenix  
  47  4:38  Probe (Chrono Boost)  
  50  4:40  Probe (Chrono Boost)  
  50  4:41  Assimilator  
  51  4:51  Probe (Chrono Boost)  
  53  4:53  Probe (Chrono Boost)  
  55  5:00  Probe (Chrono Boost)  
  55  5:01  Probe (Chrono Boost)  
  56  5:07  Probe (Chrono Boost)  
  56  5:08  Probe (Chrono Boost)  
  56  5:11  Immortal (Chrono Boost), Robotics Bay  
  62  5:23  Pylon  
  62  5:27  Nexus  
  62  5:28  Probe  
  62  5:41  Probe x2, Pylon, Phoenix  
  66  5:51  Sentry  
  66  5:53  Probe  
  66  5:55  Pylon  
  66  5:56  Probe, Colossus (Chrono Boost)  
  76  6:05  Shield Battery  
  76  6:07  Probe  
  76  6:08  Extended Thermal Lance  
  76  6:09  Probe  
  78  6:16  Phoenix  
  80  6:19  Probe  
  80  6:21  Probe  
  82  6:28  Twilight Council  
  82  6:30  Forge  
  82  6:40  Colossus (Chrono Boost)  
  82  6:41  Probe x2  
  82  6:42  Probe  
  91  6:53  Probe x2  
  93  6:54  Probe  
  93  6:55  Pylon  
  93  6:57  Stalker  
  93  6:58  Protoss Ground Weapons Level 1  
  93  6:59  Phoenix  
  98  7:05  Probe x2  
  98  7:06  Probe  
  101  7:09  Charge (Chrono Boost)  
  101  7:17  Probe  
  101  7:19  Gateway  
  101  7:20  Gateway  
  101  7:22  Gateway, Photon Cannon  
  102  7:26  Colossus (Chrono Boost)  
  109  7:43  Pylon  
  108  7:47  Gateway x2  
  108  7:54  Gateway  
  106  8:00  Probe  
  106  8:01  Zealot  
  109  8:08  Gateway  
  109  8:13  Warp Prism (Chrono Boost)  
  109  8:17  Photon Cannon  
  111  8:21  Zealot x3  
  111  8:25  Pylon  
  117  8:34  Photon Cannon  
  117  8:36  Pylon  
  117  8:40  Nexus  
  117  8:41  Photon Cannon, Pylon  
  117  8:42  Pylon  
  117  8:45  Stalker x4  
  123  8:54  Probe  
  123  8:55  Probe  
  124  8:56  Probe  
  124  9:01  Zealot x3  
  131  9:04  Photon Cannon  
  130  9:10  Probe  
  130  9:11  Warp Prism (Chrono Boost)  
  132  9:18  Stalker  
  132  9:19  Zealot x2, Stalker x2  
  132  9:23  Protoss Ground Weapons Level 2 (Chrono Boost), Probe  
  143  9:29  Gateway  
  143  9:30  Gateway  
  143  9:40  Blink  
  143  9:42  Forge  
  143  9:44  Pylon  
  143  9:47  Observer (Chrono Boost)  
  143  9:50  Pylon  
  143  9:51  Shield Battery  
  145  9:58  Zealot x5  
  154  10:01  Zealot x2  
  154  10:04  Probe  
  153  10:15  Immortal (Chrono Boost)  
  153  10:26  Zealot x3, Stalker x4  
  159  10:29  Probe  
  159  10:34  Probe x2  
  156  10:37  Protoss Ground Armor Level 1 (Chrono Boost)  
  156  10:41  Observer (Chrono Boost)  
  157  10:45  Robotics Facility  
  157  10:50  Zealot x7  
  157  10:53  Dark Shrine, Pylon  
  171  11:06  Zealot x3  
  171  11:11  Observer  
  161  11:15  Immortal (Chrono Boost)  
  161  11:16  Zealot x2  
  161  11:17  Stalker x4  
  169  11:22  Nexus  
  169  11:32  Protoss Ground Weapons Level 3 (Chrono Boost)  
  169  11:33  Observer (Chrono Boost)  
  169  11:39  Zealot x3  
  175  11:40  Zealot x2  
  175  11:43  Immortal (Chrono Boost)  
  183  11:47  Pylon  
  183  11:53  Probe  
  188  11:54  Immortal (Chrono Boost)  
  184  12:05  Zealot x3  
  184  12:06  Stalker x3  
  184  12:07  Pylon  
  184  12:24  Dark Templar  
  186  12:31  Photon Cannon  
  186  12:34  Probe  
  185  12:39  Immortal (Chrono Boost)  
  185  12:42  Stalker x3  
  185  12:43  Stalker  
  199  12:48  Shield Battery  
  199  12:49  Immortal (Chrono Boost)  
  195  13:02  Shadow Stride (Chrono Boost)  
  195  13:03  Zealot  
  195  13:05  Protoss Ground Armor Level 2  
  190  13:08  Dark Templar  
  190  13:09  Dark Templar  
  190  13:11  Observer  
  190  13:12  Zealot x2  
  197  13:13  Zealot  
  193  13:34  Gateway  
  193  13:37  Gateway  
  189  13:41  Pylon  
  187  13:50  Zealot x4  
  187  13:52  Disruptor (Chrono Boost)  
  199  14:02  Disruptor (Chrono Boost)  
  196  14:08  Probe  
  196  14:09  Assimilator x2  
  196  14:14  Nexus  
  196  14:18  Templar Archives  
  196  14:25  Pylon  
  193  14:40  Disruptor (Chrono Boost)  
  193  14:42  Psionic Storm  
  197  14:50  Disruptor (Chrono Boost)  
  191  14:54  Zealot x3  
  191  14:55  Robotics Facility, Zealot  
  191  15:17  Nexus  
  191  15:21  High Templar x3  
  193  15:36  Pylon  
  193  15:38  Pylon  
  193  15:40  Pylon  
  173  15:53  Dark Templar x4, Zealot x6  
  173  15:54  Zealot  
  195  16:25  Zealot x8  
  185  16:26  Zealot  
  185  16:32  Immortal  
  195  16:47  Zealot x2  
  163  17:04  Zealot x9  
  163  17:05  Zealot  
  167  17:11  Zealot x2, Immortal (Chrono Boost)  
  167  17:14  Immortal (Chrono Boost)  
  175  17:27  Immortal (Chrono Boost)  
  178  17:31  High Templar x3  
  178  17:32  Zealot x6, Stalker x2  
  196  17:44  Nexus  
  196  17:47  Pylon  
  196  17:51  Observer (Chrono Boost)  
  197  17:58  Stalker x2  
  199  18:09  Observer (Chrono Boost)  
  188  18:18  Observer (Chrono Boost)  
  188  18:19  Stalker x4  
  188  18:21  Observer (Chrono Boost)  
  165  18:31  Zealot x8  
Tags
 
Add a new tag
Caveats
  • Supply blocks, unpowered buildings, or Contaminate may cause inaccurate times.
  • Supply counts are checked every 10 seconds.